 Dungeon Crawl Stone Soup version 0.18-a0-824-g47fe746 (webtiles) character file.

152 vatarom the Skirmisher (level 5, 0/44 HPs)
             Began as a Formicid Fighter on Dec 14, 2015.
             Slain by a gnoll
             ... wielding a +0 halberd
              (6 damage)
             ... on level 3 of the Dungeon on Dec 17, 2015.
             The game lasted 00:04:27 (1591 turns).

vatarom the Skirmisher (Formicid Fighter)           Turns: 1591, Time: 00:04:27

Health: 0/44       AC:  8    Str: 27    XL:     5   Next: 60%
Magic:  5/5        EV:  8    Int:  7    God:
Gold:   85         SH: 12    Dex: 10    Spells: 0 memorised, 4 levels left

rFire  . . .     SeeInvis +     a - +0 flail
rCold  + . .     Gourm    .     b - +0 scale mail
rNeg   . . .     Faith    .     c - +2 shield
rPois  .         Spirit   .     (helmet unavailable)
rElec  .         Dismiss  .     (no cloak)
rCorr  .         Reflect  .     (no gloves)
SustAt .         Harm     .     g - +0 pair of boots
MR     .....     Stasis   +     (no amulet)
Stlth  ..........               p - ring of see invisible
                                h - ring of protection from cold

@: mighty, lethally poisoned (0 -> -11), not resistant to hostile enchantments,
extremely unstealthy
A: permanent stasis, dig shafts and tunnels, four strong arms, antennae 3
a: Dig, Shaft Self


You were on level 3 of the Dungeon.
You were not hungry.

You visited 1 branch of the dungeon, and saw 3 of its levels.

You collected 85 gold pieces.

Inventory:

Hand Weapons
 a - a +0 flail (weapon)
Armour
 b - a +0 scale mail (worn)
 c - a +2 shield (worn)
 g - a +0 pair of boots (worn)
Jewellery
 h - a ring of protection from cold (left hand)
 p - a ring of see invisible (right hand)
Scrolls
 e - a scroll of fear
 m - 2 scrolls of identify
Potions
 l - a potion of poison {unknown}
 n - a potion of curing
Comestibles
 f - 2 bread rations
 i - 4 chunks of flesh
 j - a meat ration
 o - a fruit


   Skills:
 - Level 5.4 Fighting
 + Level 3.0 Maces & Flails
 + Level 4.0 Armour
 - Level 3.6 Shields


You had 4 spell levels left.
You didn't know any spells.

Dungeon Overview and Level Annotations

Branches:
Dungeon (3/15)

Altars:


Innate Abilities, Weirdness & Mutations

You are under a permanent stasis effect.
You can dig through walls and to a lower floor.
Your four strong arms can wield two-handed weapons with a shield.
You have a pair of large antennae on your head (SInv).


Message History

You block the gnoll's attack.
A gnoll comes into view. It is wielding a spear.
The gnoll shouts!
You sock the gnoll shaman!
The gnoll shaman is almost dead.
* * * LOW HITPOINT WARNING * * *
You feel sick. The gnoll shaman barely misses you.
The gnoll completely misses you.
You closely miss the gnoll shaman.
The gnoll shaman is almost dead.
* * * LOW HITPOINT WARNING * * *
You feel sick. You block the gnoll shaman's attack.
The gnoll closely misses you.
Unknown command.
Your shield and scale mail prevent you from hitting the gnoll shaman.
The gnoll shaman is almost dead.
* * * LOW HITPOINT WARNING * * *
You feel sick. You block the gnoll shaman's attack.
The gnoll hits you from afar with a halberd.
You die...

#.. .# #.# .#### #.#
#####.... #.# #..g..#.
#.# #@# .. #.# #g# .#
########.###.###.######
#............).....g...
#P...≈≈≈≈≈≈)≈≈≈≈≈≈≈≈≈≈g
#....)≈≈≈≈≈≈≈g≈≈≈≈≈≈≈≈≈
#...)≈≈#####≈≈≈≈≈≈≈≈≈≈≈
#...)≈≈#ggh#...........
#...P≈≈#ggg############


You could see a gnoll shaman and 2 gnolls.

Vanquished Creatures
  4 adders
  5 gnolls (D:3)
  An ooze (D:1)
  A worm (D:2)
  An orc (D:3)
  2 ball pythons (D:1)
  8 bats
  6 giant cockroaches
  2 goblins (D:2)
  5 hobgoblins (D:2)
  A giant gecko (D:1)
  A giant newt (D:1)
  14 jackals (D:3)
  4 kobolds
  3 rats
58 creatures vanquished.

Notes
Turn   | Place    | Note
--------------------------------------------------------------
     0 | D:1      | vatarom the Formicid Fighter began the quest for the Orb.
     0 | D:1      | Reached XP level 1. HP: 18/18 MP: 1/1
     6 | D:1      | Upgraded the game from 0.18-a0-801-gb01a236 to 0.18-a0-824-g47fe746
   101 | D:1      | Reached XP level 2. HP: 15/25 MP: 2/2
   112 | D:1      | Reached skill level 4 in Fighting
   500 | D:1      | Reached XP level 3. HP: 31/31 MP: 3/3
   856 | D:2      | Reached skill level 5 in Fighting
   862 | D:2      | Reached XP level 4. HP: 26/39 MP: 4/4
  1498 | D:3      | Reached XP level 5. HP: 40/44 MP: 5/5
  1591 | D:3      | Slain by a gnoll

Vault maps used:
D:1:      dpeg_chamrin_arrival_tetris, dk_noncrumbling_3, serial_bayou_pond_c
D:3:      lemuel_castle_with_subvaults, saegor_snake_ambush

Action                   |  1- 3 |  4- 6 || total
-------------------------+-------+-------++-------
Melee: Flail             |    85 |   156 ||   241
 Abil: Dig               |     1 |     3 ||     4
  Use: Scroll            |     2 |     3 ||     5
       Potion            |     2 |     1 ||     3
  Eat: Chunk             |       |     3 ||     3
